 Dungeon Crawl Stone Soup version 0.20.1-1-g8b1a95d (webtiles) character file.

62 Gnungangingling the Skirmisher (level 4, 0/49 HPs)
             Began as an Ogre Berserker on Sept 8, 2017.
             Was an Initiate of Makhleb.
             Slain by a gnoll
             ... wielding a +0 spear
              (2 damage)
             ... on level 3 of the Dungeon.
             The game lasted 00:07:23 (1329 turns).

Gnungangingling the Skirmisher (Ogre Berserker)     Turns: 1329, Time: 00:07:23

Health: 0/49       AC:  3    Str: 22    XL:     4   Next: 8%
Magic:  4/4        EV: 10    Int:  8    God:    Makhleb [......]
Gold:   78         SH:  0    Dex:  8    Spells: 3/3 levels left

rFire    . . .     SeeInvis +   a - +0 mace
rCold    + . .     Gourm    .   (no shield)
rNeg     . . .     Faith    .   b - +0 animal skin
rPois    .         Spirit   .   (helmet restricted)
rElec    .         Reflect  .   (no cloak)
rCorr    .         Harm     .   (gloves unavailable)
MR       .....                  (boots unavailable)
Stlth    +.........             (no amulet)
Regen    0.0/turn               p - ring of protection from cold
MPRegen  0.1/turn               (no ring)

@: no status effects
A: unfitting armour, hooves 1, see invisible, mutation resistance 1, inhibited
regeneration, tough skin 1
a: Renounce Religion


You were on level 3 of the Dungeon.
You worshipped Makhleb.
Makhleb was noncommittal.
You were completely stuffed.

You visited 1 branch of the dungeon, and saw 3 of its levels.

You collected 78 gold pieces.

Inventory:

Hand Weapons
 a - a +0 mace (weapon)
Armour
 b - a +0 animal skin (worn)
Jewellery
 p - a ring of protection from cold (left hand)
Wands
 c - a wand of clouds (2/9)
 l - a wand of polymorph (10/24)
Scrolls
 d - 3 scrolls of remove curse {unknown}
 g - 3 scrolls of amnesia {unknown}
 h - 2 scrolls of immolation {unknown}
 i - 2 scrolls of identify {unknown}
 k - 2 scrolls of fear {unknown}
Potions
 e - 2 potions of mutation
 n - a potion of resistance {unknown}
 o - a potion of haste {unknown}
Comestibles
 f - 2 fruits
 j - a royal jelly
 m - a meat ration


   Skills:
 + Level 4.8 Fighting
 + Level 3.3 Maces & Flails
 + Level 3.3 Dodging


You had 3 spell levels left.
You didn't know any spells.

Dungeon Overview and Level Annotations

Branches:
Dungeon (3/15)

Altars:
Makhleb


Innate Abilities, Weirdness & Mutations

You are too large for most types of armour.
You have tough skin. (AC +1)
You have large cloven feet.
You have supernaturally acute eyesight. (SInv)
You are somewhat resistant to further mutation.
You do not regenerate when monsters are visible.


Message History

There are monsters nearby!
You closely miss the gnoll. The gnoll hits you with a spear.
The gnoll hits you but does no damage. The orc barely misses you.
The gnoll hits you with a club. The gnoll hits you with a spear.
You completely miss the gnoll. The gnoll closely misses you. The orc hits you.
The gnoll hits you with a spear. The gnoll hits you with a club!
* * * LOW HITPOINT WARNING * * *
The gnoll barely misses you.
You sock the gnoll!
The gnoll is heavily wounded.
The orc hits you but does no damage. The gnoll hits you with a spear!
* * * LOW HITPOINT WARNING * * *
The gnoll hits you with a club.
* * * LOW HITPOINT WARNING * * *
The gnoll hits you but does no damage.
It was a potion of mutation.
You feel extremely strange.
Your regeneration stops near monsters.
Your feet thicken and deform.
Your vision sharpens.
You feel genetically stable. The orc barely misses you.
The gnoll hits you with a spear.
You die...

#.........# ♣♣.♣♣
######.....# ...♣
...>.......# .).)
###.######## ##..##
#.# ....# #.# ...##
#.############...#####
#..............o.'....
##############@g.#####
#gg.# #g..# #...#
#...# #####


You could see 4 gnolls and an orc.

Vanquished Creatures
  2 oozes (D:1)
  A worm (D:2)
  A dart slug (D:1)
  A leopard gecko (D:1)
  4 bats
  4 giant cockroaches
  7 goblins
  4 hobgoblins
  3 jackals (D:2)
  A quokka (D:3)
  4 frilled lizards
  6 kobolds
  6 rats
44 creatures vanquished.

Notes
Turn   | Place    | Note
-------+----------+-------------------------------------------
     0 | D:1      | Gnungangingling the Ogre Berserker began the quest for the Orb.
     0 | D:1      | Reached XP level 1. HP: 24/24 MP: 1/1
    77 | D:1      | Reached XP level 2. HP: 32/32 MP: 2/2
   266 | D:1      | Reached XP level 3. HP: 40/40 MP: 3/3
   268 | D:1      | Reached ** piety under Trog
   788 | D:2      | Found a burning altar of Makhleb.
   791 | D:2      | Noticed a green death
   795 | D:2      | Noticed a smoke demon
   795 | D:2      | Noticed an orange demon
   797 | D:2      | Fell from the grace of Trog
   797 | D:2      | Became a worshipper of Makhleb the Destroyer
  1168 | D:2      | Reached XP level 4. HP: 34/49 MP: 4/4
  1328 | D:3      | HP: 2/49 [gnoll/club (5)]
  1329 | D:3      | Gained mutation: You do not regenerate when monsters are visible. [potion of mutation]
  1329 | D:3      | Gained mutation: You have large cloven feet. [potion of mutation]
  1329 | D:3      | Gained mutation: You have supernaturally acute eyesight. (SInv) [potion of mutation]
  1329 | D:3      | Gained mutation: You are somewhat resistant to further mutation. [potion of mutation]
  1329 | D:3      | Slain by a gnoll

Skill      XL: |  1  2  3 |
---------------+----------+-----
Dodging        | 3 |  3.3
Maces & Flails | 3 |  3.3
Fighting       | |  4.8

Action                   |  1- 3 |  4- 6 || total
-------------------------+-------+-------++-------
Melee: Mace              |   118 |    11 ||   129
Invok: Berserk           |     2 |       ||     2
  Use: Potion            |       |     1 ||     1
  Eat: Fruit             |     2 |       ||     2
       Chunk             |     1 |       ||     1
       Meat ration       |       |     1 ||     1
       Bread ration      |       |     1 ||     1
Armor: Animal skin       |    38 |     4 ||    42
Dodge: Dodged            |    67 |    11 ||    78
